 Dungeon Crawl Stone Soup version 0.28.0 (webtiles) character file.

Game seed: 12803346117269178709

981 fragbeetle the Cleaver (level 7, -2/57 HPs)
             Began as a Minotaur Monk on Feb 18, 2022.
             Was an Initiate of Yredelemnul.
             Killed from afar by Pikel (12 damage)
             ... with an iceblast
             ... on level 4 of the Dungeon.
             The game lasted 00:08:50 (4297 turns).

fragbeetle the Cleaver (Minotaur Monk)              Turns: 4297, Time: 00:08:51

Health: -2/57      AC:  8    Str: 17    XL:     7   Next: 96%
Magic:  11/11      EV: 11    Int:  7    God:    Yredelemnul [......]
Gold:   118        SH:  0    Dex: 19    Spells: 6/6 levels left

rFire   . . .      SeeInvis .   a - +0 hand axe
rCold   . . .      Faith    .   (no shield)
rNeg    . . .      Spirit   .   p - +0 scale mail
rPois   .          Reflect  .   (helmet restricted)
rElec   .          Harm     .   d - scarf {shadows}
rCorr   .          Rampage  .   c - +0 pair of gloves
Will    .....                   e - +0 pair of boots
Stlth   +.........              (no amulet)
HPRegen 0.19/turn               s - +6 ring of dexterity
MPRegen 0.12/turn               (no ring)

@: no status effects
A: horns 2, retaliatory headbutt
a: Renounce Religion, Recall Undead Harvest


You were on level 4 of the Dungeon.
You worshipped Yredelemnul.
Yredelemnul was noncommittal.
You visited 1 branch of the dungeon, and saw 5 of its levels.

You collected 118 gold pieces.

Inventory:

Hand Weapons
 a - a +0 hand axe (weapon)
 q - a +0 hand crossbow
 t - a +1 vorpal flail
Missiles
 r - 6 poisoned darts (quivered)
Armour
 c - a +0 pair of gloves (worn)
 d - a scarf of shadows (worn)
 e - a +0 pair of boots (worn)
 l - a +0 robe of positive energy
 p - a +0 scale mail (worn)
Jewellery
 s - a +6 ring of dexterity (left hand)
Wands
 w - a wand of flame (5)
Scrolls
 b - a scroll of silence {unknown}
 f - 2 scrolls of teleportation {unknown}
 h - a scroll of enchant armour {unknown}
 j - a scroll of identify {unknown}
 m - 2 scrolls of noise {unknown}
 u - 2 scrolls of magic mapping {unknown}
 v - a scroll of vulnerability {unknown}
Potions
 g - 2 potions of brilliance {unknown}
 i - 2 potions of mutation {unknown}
 k - 2 potions of lignification {unknown}
 n - 2 potions of might {unknown}
 o - a potion of berserk rage {unknown}


   Skills:
 - Level 3.6 Fighting
 - Level 8.0 Axes
 - Level 3.2 Dodging
 - Level 1.5 Stealth
 + Level 6.8 Invocations


You had 6 spell levels left.
You didn't know any spells.
Your spell library contained the following spells:

 Spells                   Type           Power      Damage    Failure   Level
 Sandblast                Erth           0%         2d4       86%         1
 Passwall                 Tmut/Erth      0%         N/A       95%         2
 Stone Arrow              Conj/Erth      0%         3d7       99%         3


Dungeon Overview and Level Annotations

Branches:
Dungeon (5/15)             Temple (0/1) D:4

Altars:
Gozag
Trog
Xom
Yredelemnul
The Shining One

Annotations:
D:4 2 transporters, Alacron's ghost, amateur HOFi; Pikel


Innate Abilities, Weirdness & Mutations

You have a pair of horns on your head.
You reflexively headbutt those who attack you in melee.


Message History

Pikel is lightly wounded.
Pikel says, "I knew I should've brought a map."
Pikel hits you with a +0 whip of freezing!
Pikel freezes you.
You hit Pikel but do no damage.
Pikel is lightly wounded.
Pikel closely misses you.
You hit Pikel. You headbutt Pikel, but do no damage.
Pikel is moderately wounded.
Pikel hits you with a +0 whip of freezing!
Pikel freezes you.
You are too injured to fight recklessly!
You are too injured to fight recklessly!
You are too injured to fight recklessly!
Pikel waves his whip at you.
Pikel zaps a wand.
The mass of ice explodes!
The iceblast engulfs you.
* * * LOW HITPOINT WARNING * * *
Unknown command.
Aiming: Throw Flame
Press: ? - help, Shift-Dir - straight line, f/p - Pikel
Aim: Pikel, wielding a +0 whip of freezing, wearing a +2 robe of cold resistance and carrying a wand of iceblast (6) (moderately wounded, 60% to hit)
The puff of flame hits Pikel but does no damage.
Pikel is moderately wounded.
Aiming: Throw Flame
Press: ? - help, Shift-Dir - straight line, f/p - Pikel
Aim: Pikel, wielding a +0 whip of freezing, wearing a +2 robe of cold resistance and carrying a wand of iceblast (6) (moderately wounded, 60% to hit)
The puff of flame misses Pikel.
Pikel hits you with a +0 whip of freezing!
* * * LOW HITPOINT WARNING * * *
Pikel freezes you.
* * * LOW HITPOINT WARNING * * *
Throw: 7 darts (poison)
Press: ? - help, Shift-Dir - straight line, f/p - Pikel
Aim: Pikel, wielding a +0 whip of freezing, wearing a +2 robe of cold resistance and carrying a wand of iceblast (6) (moderately wounded, 55% to hit)
You throw a poisoned dart. The poisoned dart hits Pikel.
Pikel is poisoned.
Pikel is moderately wounded.
Pikel barely misses you.
Pikel zaps a wand.
The mass of ice explodes!
The iceblast engulfs you!
You die...
Your body rises from the dead as a mindless zombie.

###.#...###..#.........#Z.......
##.Z.....###..#)........#Z.......
..........#..©#:...©....#©.......
.......##.....#.........#........
.......##.....#.........#.......#
.......8......#8...Y...8#..#....#
.......>......##BSWg..©##..#....#
.......8.......#########...#...#.
.........##.....@..........#.....
......[...........K..............
......##........#................
###.###.........................#
.....................(..........#
..#..#.#.........................
..######.....)...............#...
.ZZZ....................>.##.#...
.###Z.###.###......).....(.##....


You could see Pikel (poisoned), a yak, Alacron's ghost, a gnoll, a giant
cockroach and a ball python.

Vanquished Creatures
  A wyvern (D:4)
  A water moccasin (D:4)
  A bullfrog (D:4)
  2 scorpions (D:4)
  A hound (D:3)
  An iguana (D:3)
  Ijyb (D:4)
  3 orc wizards
  Robin (D:4)
  A gnoll (D:4)
  7 adders
  An adder skeleton (D:4)
  4 dart slugs
  4 orcs
  4 bats
  8 endoplasms
  A giant cockroach (D:4)
  8 hobgoblins
  4 jackals (D:2)
  2 quokkas (D:1)
  8 ball pythons
  4 frilled lizards
  16 goblins
  3 kobolds
  6 rats
93 creatures vanquished.

Vanquished Creatures (collateral kills)
  Sigmund (D:2)
  A bullfrog skeleton (D:4)
  2 gnolls (D:4)
  An endoplasm (D:4)
5 creatures vanquished.

Vanquished Creatures (others)
  A hound zombie (D:3)
  An adder zombie (D:3)
  A ball python zombie (D:3)
  A giant cockroach zombie (D:4)
  4 goblin zombies (D:4)
  5 hobgoblin zombies
  An orc zombie (D:3)
  A rat zombie (D:3)
  A spectral endoplasm (D:4)
  2 plants (D:1)
18 creatures vanquished.

Grand Total: 116 creatures vanquished

Notes
Turn   | Place    | Note
-------+----------+-------------------------------------------
     0 | D:1      | fragbeetle the Minotaur Monk began the quest for the Orb.
     0 | D:1      | Reached XP level 1. HP: 19/19 MP: 0/0
    96 | D:1      | Reached skill level 4 in Axes
   326 | D:1      | Reached XP level 2. HP: 25/26 MP: 1/1
   657 | D:1      | Reached skill level 5 in Axes
   919 | D:2      | Reached XP level 3. HP: 30/31 MP: 2/2
   950 | D:2      | Noticed Sigmund
  1275 | D:2      | Reached skill level 6 in Axes
  1275 | D:2      | Reached XP level 4. HP: 26/39 MP: 3/3
  1450 | D:2      | Found a faded altar of an unknown god.
  1460 | D:2      | Prayed at the altar of an unknown god.
  1460 | D:2      | Became a worshipper of Yredelemnul the Dark
  1460 | D:2      | Reached * piety under Yredelemnul
  1460 | D:2      | Reached ** piety under Yredelemnul
  1513 | D:2      | Killed Sigmund
  1514 | D:2      | Reached skill level 8 in Axes
  1514 | D:2      | Reached XP level 5. HP: 33/45 MP: 4/4
  1865 | D:3      | Reached skill level 1 in Invocations
  1865 | D:3      | Reached XP level 6. HP: 49/51 MP: 5/5
  2025 | D:3      | Found a bloodstained altar of Trog.
  2047 | D:3      | Found an opulent altar of Gozag.
  2079 | D:3      | Found a faded altar of an unknown god.
  3266 | D:4      | Noticed a wyvern
  3280 | D:4      | Killed a wyvern
  3281 | D:4      | Reached XP level 7. HP: 13/57 MP: 7/9
  3297 | D:4      | Reached skill level 5 in Invocations
  3533 | D:4      | Found a shimmering altar of Xom.
  3587 | D:4      | Found a staircase to the Ecumenical Temple.
  3658 | D:4      | Found a transporter.
  3658 | D:4      | Noticed Alacron's ghost (amateur HOFi)
  3658 | D:4      | Noticed a yak
  3663 | D:4      | Found a transporter.
  3676 | D:3      | Found a glowing golden altar of the Shining One.
  3722 | D:4      | Noticed Robin
  3743 | D:4      | Killed Robin
  3951 | D:4      | Noticed Ijyb
  3964 | D:4      | Killed Ijyb
  4261 | D:5      | Entered Level 5 of the Dungeon
  4263 | D:5      | Noticed Pikel
  4297 | D:4      | Killed from afar by Pikel

Illustrated notes

Levels and vault maps discovered:
D:1:      grunt_arrival_lava_bath, layout_basic, serial_forest,
          infiniplex_forest_split, infiniplex_forest_lined_2,
          infiniplex_forest_corner_2, infiniplex_forest_clump_double,
          infiniplex_forest_straight_4, grunt_decor_fettered
D:2:      layout_rooms, ebering_ecumenical_altar_sacrificial, uniq_sigmund
D:3:      layout_loops_ring, grunt_gozag_statues,
          nicolae_overflow_hidden_temple, nicolae_overflow_ecumenical_swirl
D:4:      layout_cave_pools, lemuel_doored_altar, temple_statues,
          gammafunk_ghost_arena, kennysheep_nondescript, st_stairs_1,
          uniq_robin, uniq_ijyb
D:5:      layout_loops_ring, lemuel_coloured_pillars_altar,
          nicolae_shop_firing_range, uniq_pikel, uniq_blork_the_orc

Skill      XL: |  1  2  3  4  5  6  7 |
---------------+----------------------+-----
Axes           | 4 5 6 8 |  8.0
Invocations    | 1 4 6 |  6.8
Fighting       | |  3.6
Dodging        | |  3.2
Stealth        | |  1.5

Action                   |  1- 3 |  4- 6 |  7- 9 || total
-------------------------+-------+-------+-------++-------
Melee: Hand axe          |    64 |   137 |    81 ||   282
       Headbutt          |     7 |    22 |    16 ||    45
       Punch             |       |     1 |     2 ||     3
Throw: Dart              |       |     3 |     2 ||     5
Evoke: Wand              |       |       |     2 ||     2
 Stab: Sleeping          |     6 |     2 |       ||     8
       Distracted        |       |       |     1 ||     1
Armor: Robe              |    17 |     2 |       ||    19
       Scale mail        |       |    52 |    24 ||    76
Dodge: Dodged            |    52 |    57 |    47 ||   156
